[Event "Late-Titled-Tuesday-Blitz-March-05-2024"]
[Site "Chess.com"]
[Date "2024.03.05"]
[Round "3"]
[White "GM4life"]
[Black "alexrustemov"]
[Result "1/2-1/2"]
[WhiteElo "2554"]
[BlackElo "2803"]
[TimeControl "180+1"]
[EndTime "14:29:42 PST"]
[Termination "Game drawn by repetition"]

1. d4 d5 2. c4 c6 3. cxd5 cxd5 4. Nc3 Nf6 5. Bf4 Nc6 6. Nf3 e6 7. e3 Be7 8. Bd3 O-O 9. O-O Bd7 10. Rc1 Rc8 11.
h3 Na5 12. Ne5 a6 13. Qe2 b5 14. Rc2 Nc4 15. Rfc1 Qa5 16. Bg5 Bc6 17. Ng4 Qd8 18. Nxf6+ Bxf6 19. Bxf6 Qxf6 20. b3 Na3 21. Rd2 Qe7 22.
Rdd1 Bd7 23. Qb2 b4 24. Ne2 Bb5 25. Nf4 Bxd3 26. Nxd3 Nb5 27. Rc5 Rxc5 28. Nxc5 a5 29. Rc1 Rc8 30. Qe2 Qe8 31. Rc2 g6 32. Qd3 Nc3 33. a3 Qc6 34. axb4 axb4 35. Na4 Kg7 36. g3 h5 37. h4 Qc7 38. Kg2 Qc6 39. Kh2 Kf6 40. Kg2 Ke7 41. Rc1 Rc7 42. Nc5 Ra7 43. Rxc3 bxc3 44. Qxc3 Kf8 45. Qb4 Kg7 46. Qb8 Ra8 47.
Qe5+ Kg8 48. Qf4 Rc8 49. Qf6 Qc7 50. Qg5 Qd8 51. Qf4 Qe7 52. Kh2 Kg7 53. Kg2 Qc7 54.
Qg5 Qd8 55. Qe5+ Kg8 56. Qf4 Qe7 57. Qf3 Re8 58. Qf4 Kg7 59. Qf3 e5 60. Qxd5 exd4 61. exd4 Rd8 62. Qf3 Qf6 63. Qb7 Rxd4 64. Ne4 Qe5 65.
f3 Qd5 66. Qc7 Qd7 67. Qe5+ Kf8 68. Qh8+ Ke7 69. Qe5+ Kf8 70. Qh8+ Ke7 71. Qe5+ Kd8 72.
Qb8+ Ke7 73. Qe5+ 1/2-1/2

[Event "Late-Titled-Tuesday-Blitz-March-05-2024"]
[Site "Chess.com"]
[Date "2024.03.05"]
[Round "3"]
[White "subham777"]
[Black "Eloist"]
[Result "1-0"]
[WhiteElo "2585"]
[BlackElo "2425"]
[TimeControl "180+1"]
[EndTime "14:29:53 PST"]
[Termination "subham777 won on time"]

1. e4 e6 2. Nf3 d5 3. Nc3 Nf6 4. e5 Nfd7 5. d4 c5 6. dxc5 Nc6 7. Bf4 Bxc5 8. Bd3 f6 9. exf6 Qxf6 10. Bg5 Qf7 11.
Bh4 h6 12. Qe2 O-O 13. O-O-O Bb4 14. Nb5 Nc5 15. Bg3 Nxd3+ 16. Qxd3 a6 17. Nbd4 Bd7 18. Nxc6 Bxc6 19. Ne5 Qf5 20. Qxf5 Rxf5 21. c3 Bc5 22. f3 Bb5 23. Rhe1 Rc8 24. Nd3 Bxd3 25. Rxd3 Kf7 26. Kc2 b5 27. a3 a5 28. Rd2 b4 29. axb4 axb4 30. Rde2 Rc6 31. Ra1 bxc3 32. bxc3 Bb4 33. Ra7+ Kf6 34. Bh4+ g5 35. Be1 d4 36. Rh7 Kg6 37.
Rb7 Bxc3 38. Kd3 Bxe1 39. Rxe1 Rd5 40. Re7 e5 41. R1xe5 Rc3+ 42. Kd2 Rxe5 43. Rxe5 Ra3 44. Rc5 d3 45. Rc3 Ra2+ 46. Kxd3 Rxg2 47. h3 Rg3 48. Ke4 Rxh3 49. Rc8 Rh4+ 50. Ke3 Rf4 51. Rh8 h5 52. Rg8+ Kh6 53. Rh8+ Kg6 54. Rg8+ Kf5 55. Rf8+ Ke5 56.
Re8+ Kd5 57. Rd8+ Ke6 58. Re8+ Kf7 59. Rh8 h4 60. Rh5 Kg6 61. Rh8 Ra4 62. Rg8+ Kf6 63. Rf8+ Kg7 64. Rf5 Kg6 65. Rf8 Ra3+ 66. Kf2 Ra2+ 67.
Ke3 h3 68. Rh8 h2 69. Ke4 Re2+ 70. Kd3 Rg2 71. Ke3 Kf5 72. Rh7 Ra2 73. Kd3 Kf4 74. Rh5 Ra3+ 75. Ke2 Ra2+ 76. Kd3 Rb2 77. Rh8 Kxf3 78.
Kc3 1-0

[Event "Late-Titled-Tuesday-Blitz-March-05-2024"]
[Site "Chess.com"]
[Date "2024.03.05"]
[Round "3"]
[White "becemix"]
[Black "prime-morty"]
[Result "1/2-1/2"]
[WhiteElo "2447"]
[BlackElo "2598"]
[TimeControl "180+1"]
[EndTime "14:29:55 PST"]
[Termination "Game drawn by stalemate"]

1. e4 d5 2. exd5 Qxd5 3. Nc3 Qa5 4. Nf3 Nf6 5. Be2 Bg4 6. O-O e6 7. d3 Nc6 8. Nd2 Qh5 9. h3 Bxe2 10. Qxe2 Qxe2 11. Nxe2 Nb4 12. c3 Nxd3 13. Nb3 Nxc1 14. Raxc1 O-O-O 15. Rfd1 Be7 16. Ned4 a6 17. Kf1 c5 18.
Nf3 Rxd1+ 19. Rxd1 Rd8 20. Rxd8+ Kxd8 21. Na5 b6 22. Nc6+ Ke8 23. Nb8 a5 24. a4 Bd6 25.
Nc6 Nd7 26. Na7 Bb8 27. Nb5 Ne5 28. Nxe5 Bxe5 29. Ke2 Kd7 30. Kd3 Kc6 31. b3 f5 32. g3 g5 33. Na3 h5 34. Nc4 Bc7 35. Ke3 g4 36. h4 e5 37. Na3 Kd5 38. c4+ Ke6 39. Nb5 Bb8 40. Nc3 Bd6 41. Nd5 f4+ 42.
Ke4 f3 43. Nxb6 Bf8 44. Nd5 Bh6 45. Nc7+ Kd7 46. Nd5 Bd2 47. Ne3 Be1 48. Nd1 Ke6 49. Kd3 Kf5 50. Ne3+ Ke6 51. Nd1 Kd6 52. Ke4 Bb4 53. Ne3 Bd2 54. Nd1 Be1 55. Kf5 Bd2 56. Kg6 e4 57. Kxh5 Ke5 58. Kxg4 Kd4 59. h5 Bh6 60. Kf5 Kd3 61. g4 Kd2 62. Kxe4 Kxd1 63.
Kxf3 Kc2 64. Kg3 Kxb3 65. f4 Kxc4 66. g5 Bf8 67. h6 Kd5 68. f5 Ke5 69. Kg4 c4 70. Kh5 c3 71. g6 c2 72. g7 Bxg7 73. hxg7 c1=Q 74. g8=Q Qh1+ 75. Kg6 Qg2+ 76. Kf7 Qxg8+ 77.
Kxg8 Kxf5 78. Kg7 Ke5 79. Kg6 Kd4 80.
Kf5 Kc4 81. Ke4 Kb4 82. Kd3 Kxa4 83. Kc2 Ka3 84. Kb1 Kb3 85. Ka1 a4 86. Kb1 a3 87.
Ka1 a2 1/2-1/2

[Event "Late-Titled-Tuesday-Blitz-March-05-2024"]
[Site "Chess.com"]
[Date "2024.03.05"]
[Round "3"]
[White "KorolDimitriy75"]
[Black "Shahdad2007"]
[Result "1/2-1/2"]
[WhiteElo "2428"]
[BlackElo "2567"]
[TimeControl "180+1"]
[EndTime "14:30:23 PST"]
[Termination "Game drawn by repetition"]

1. d4 c5 2. d5 g6 3. c4 Bg7 4.
Qc2 d6 5. Nc3 Nf6 6. e4 O-O 7.
Nf3 Na6 8. a3 Rb8 9. h3 Nc7 10.
Bd3 a6 11. a4 Bd7 12. a5 b5 13.
axb6 Rxb6 14. O-O Qb8 15. Re1 e6 16. Ra2 Re8 17. Bf4 exd5 18. cxd5 Bb5 19. Bf1 Bxf1 20. Kxf1 Nd7 21. g4 Rb4 22. Bxd6 Qb6 23. Bxc7 Qxc7 24. Rxa6 Qf4 25. Kg2 Bxc3 26. Qxc3 Rbxe4 27. Rxe4 Qxe4 28. Ra7 Ne5 29. Qe3 Qxd5 30. Rc7 Qxf3+ 31. Qxf3 Nxf3 32.
Kxf3 Re5 33. Kf4 Rd5 34. Ke4 Rd4+ 35. Ke3 Rb4 36. Rxc5 Rxb2 37. Kf3 Kg7 38. Kg2 Rb3 39. Rd5 h6 40. Rd2 Kf6 41. Re2 Kg5 42. Re7 f6 43. Re6 Rb4 44. Rd6 f5 45. gxf5 Kxf5 46. Rd5+ Kf4 47.
Rd6 Kg5 48. Rd5+ Kh4 49. Rd6 Kh5 50. Rd5+ g5 51. Kg3 Rb3+ 52. f3 Ra3 53. Rd4 Ra1 54.
Kg2 Rb1 55. Re4 Rb6 56. Rd4 Kg6 57. Kg3 Rb5 58. Re4 Kf5 59. Rd4 Re5 60. h4 Re1 61.
hxg5 Kxg5 62. Rg4+ Kf5 63. Rf4+ Kg6 64. Rg4+ Kh7 65. Re4 Rg1+ 66. Kh4 Rg7 67. Rg4 Rf7 68. Kg3 h5 69. Rf4 Rg7+ 70. Kh4 Kg6 71. Rc4 Rf7 72. Rc6+ Kf5 73. Rc5+ Kg6 74. Rg5+ Kf6 75. Rxh5 Kg6 76. Rg5+ Kh6 77. Rg3 Rf4+ 78. Kh3 Kh5 79. Kg2 Ra4 80. Rh3+ Kg5 81. Rg3+ Kf5 82. Rg4 Ra2+ 83. Kg3 Ra1 84. Rf4+ Kg5 85. Rg4+ Kf5 86. Rf4+ Kg5 87. Rg4+ Kf5 1/2-1/2

[Event "Late-Titled-Tuesday-Blitz-March-05-2024"]
[Site "Chess.com"]
[Date "2024.03.05"]
[Round "3"]
[White "IngOscarArdila"]
[Black "VinzentSpitzl"]
[Result "0-1"]
[WhiteElo "2331"]
[BlackElo "2548"]
[TimeControl "180+1"]
[EndTime "14:30:36 PST"]
[Termination "VinzentSpitzl won on time"]

1. d4 Nf6 2. c4 e6 3. Nc3 d5 4. Bg5 Be7 5. Nf3 h6 6. Bh4 O-O 7. e3 b6 8. cxd5 Nxd5 9. Bxe7 Qxe7 10. Nxd5 exd5 11. Bd3 Be6 12. h3 Nd7 13. O-O c5 14. Rc1 Nf6 15. Ne5 Rfc8 16. Qf3 Nd7 17. Nxd7 Qxd7 18.
dxc5 bxc5 19. Rfd1 Rab8 20. b3 Qe7 21. Qf4 a5 22. Be2 Rb4 23. Qg3 a4 24. Bf3 axb3 25.
axb3 Qb7 26. Qd6 Rb6 27. Qe5 Rxb3 28. Bxd5 Bxd5 29. Rxd5 c4 30. Rc5 Rb4 31. Rxc8+ Qxc8 32.
Qe7 Rb2 33. Qe5 Rb3 34. Qd5 Rb4 35. Qd6 Ra4 36. Qd4 Qc6 37. Qd8+ Kh7 38. Qd4 g6 39. Qf4 Kg7 40. Qe5+ Qf6 41. Qb5 Ra2 42. Rf1 c3 43. Qc4 Rb2 44. f4 Rd2 45. Rf2 Rd1+ 46. Kh2 Rd2 47. Rxd2 cxd2 48. Qd3 Qb2 49. e4 Qc1 50. Qd4+ Kh7 51. Qf6 Qc7 52. Qd4 Qxf4+ 53. g3 Qg5 54. h4 Qe7 55. Qxd2 Qxe4 56. Qf2 Qe6 57. Qf3 Kg7 58. Qf2 Qf6 59. Qe3 h5 60.
Qe2 Qc3 61. Qf2 Qe5 62. Qf3 Qf6 63. Qe2 Qf5 64. Qb2+ Qf6 65. Qd2 Kh7 66. Qe2 Qe6 67. Qf2 f6 68. Qc2 Kg7 69. Qc7+ Qf7 70. Qf4 Qe7 71.
Qf2 Qe6 72. Qc2 Kf7 73. Qc7+ Qe7 74. Qc4+ Kg7 75. Qc2 Qe5 76. Qd2 Qb5 77. Qf2 Qa4 78. Qe3 Qb4 79. Qe2 Qf8 80. Qe6 Qf7 81. Qd6 Qf8 82.
Qd7+ Qf7 83. Qd6 Kh7 84. Qd4 Kg8 85. Qd8+ Kg7 86. Qd4 Qa2+ 87. Kh3 Qe6+ 0-1

[Event "Late-Titled-Tuesday-Blitz-March-05-2024"]
[Site "Chess.com"]
[Date "2024.03.05"]
[Round "3"]
[White "ameetghasi100"]
[Black "DanielNaroditsky"]
[Result "0-1"]
[WhiteElo "2764"]
[BlackElo "3102"]
[TimeControl "180+1"]
[EndTime "14:30:40 PST"]
[Termination "DanielNaroditsky won on time"]

1. Nf3 Nf6 2. g3 g6 3. Bg2 Bg7 4. O-O O-O 5. d3 c5 6. e4 d6 7. Re1 Nc6 8. c3 Bg4 9. h3 Bxf3 10. Qxf3 Nd7 11. Be3 b5 12. Qd1 b4 13. d4 bxc3 14.
bxc3 cxd4 15. cxd4 Rc8 16. Nc3 Qa5 17. Nd5 e6 18. Nf4 e5 19. dxe5 Ndxe5 20. Nd5 Nc4 21. Bf4 Rfe8 22. Rc1 Nb4 23. Nxb4 Qxb4 24. Qb3 a5 25.
Qxb4 axb4 26. Bf1 Ne5 27. Bxe5 Bxe5 28. Bb5 Red8 29. Ba4 Rc3 30. Bb3 Rdc8 31. Rcd1 Kg7 32. Kg2 g5 33. Re2 h5 34. Red2 h4 35. gxh4 gxh4 36. Rd3 Kf6 37. Rf3+ Rxf3 38. Kxf3 Rc3+ 39. Kg4 Ke7 40. Re1 Bf6 41. Re3 Rc1 42. Rf3 Rg1+ 43. Kf5 Be5 44. Rd3 f6 45. f4 Rf1 46.
Kg6 Bxf4 47. Bd5 Rg1+ 48. Kh5 Rg5+ 49. Kxh4 Bh2 50. Rf3 Be5 51. Rd3 Bf4 52. Rf3 Bh2 53. Rd3 Bg1 54. Rf3 Bd4 55. Rf5 Rg2 56. Kh5 Be5 57.
h4 Rg3 58. Kh6 Kf8 59. Kh5 Kg7 60. Rf1 Rg6 61. Rc1 Bc3 62. Rf1 Rg3 63. Rf5 Rh3 64. Rf4 Rh2 65. Rg4+ Kh7 66. Be6 Kh8 67. Bd5 Kh7 68.
Be6 Bd2 69. Bf5+ Kh8 70. Be6 Bg5 71. Bd5 Kg7 72. Bc4 Kh7 73. Bb3 Kg7 74. Be6 Kf8 75. Bb3 Ke7 76. Kg6 Bxh4 77. Kf5 Bg5 78. Kg6 Rh6+ 79. Kf5 Rh2 80. Kg6 Rf2 81. Rg1 Re2 82.
Kf5 Kd7 83. Rd1 Rf2+ 84. Kg6 Kc7 85. Rh1 Kc6 86. Rh8 Kc5 87. Rb8 Bd2 88. Bd5 Bc3 89. Be6 Kd4 90. Bd5 f5 91. Bc6 fxe4 92. Re8 e3 93. Re4+ Kd3 94. Re6 Be5 95. Bb5+ Kd2 96. Re8 e2 97. Rd8 e1=Q 98. Rxd6+ Bxd6 0-1

[Event "Late-Titled-Tuesday-Blitz-March-05-2024"]
[Site "Chess.com"]
[Date "2024.03.05"]
[Round "3"]
[White "dosto07"]
[Black "ChessBrainiacOnTwitch"]
[Result "1/2-1/2"]
[WhiteElo "2520"]
[BlackElo "2784"]
[TimeControl "180+1"]
[EndTime "14:31:21 PST"]
[Termination "Game drawn by 50-move rule"]

1. e4 c5 2. Nf3 e6 3. c3 Nf6 4.
e5 Nd5 5. Bc4 Nb6 6. Bb3 Nc6 7.
d4 cxd4 8. cxd4 d6 9. Qe2 Be7 10. Nc3 O-O 11. O-O Bd7 12. Rd1 Rc8 13. a3 a6 14. exd6 Bxd6 15. d5 exd5 16. Nxd5 Nxd5 17. Bxd5 Qc7 18. Bd2 Ne7 19. Ba2 Bb5 20. Qe4 Bc6 21.
Qg4 Ng6 22. Bc3 Rcd8 23. h4 Bxf3 24. gxf3 Be5 25. h5 Nf4 26. Kh1 Bxc3 27. bxc3 Qe5 28. h6 g6 29. Re1 Qf6 30. Re4 Nd3 31. Rf1 Qxc3 32. Qg5 Qc5 33. Qxc5 Nxc5 34. Re7 Rd7 35. Rfe1 b5 36. Kg2 a5 37. Kg3 b4 38. axb4 axb4 39.
Bc4 Rd4 40. Bxf7+ Rxf7 41. Re8+ Rf8 42. R8e7 Rd7 43. Rxd7 Nxd7 44. Re7 Nf6 45. Rg7+ Kh8 46. Rb7 Nd5 47. Rb5 Rd8 48. f4 Kg8 49. Kg4 Kf7 50. Rb7+ Kg8 51. Rg7+ Kh8 52. Rb7 Rf8 53. Kg3 Nxf4 54. Rxb4 Ne6 55. Rb7 Ng5 56. Kg4 Nf7 57. f4 Nxh6+ 58. Kg3 Nf5+ 59. Kg4 Kg8 60. Kg5 Rf7 61.
Rb8+ Kg7 62. Rb6 h6+ 63. Kg4 Re7 64. Ra6 Re3 65. Ra7+ Kf6 66. Ra6+ Kf7 67. Ra7+ Ke6 68. Ra6+ Kd7 69. Rxg6 Nd6 70. Rxh6 Re1 71. Rh7+ Ke6 72. Rh6+ Kd5 73. Rh5+ Kd4 74. Rh6 Rg1+ 75. Kf3 Rf1+ 76. Kg3 Nf5+ 77. Kg2 Rxf4 78. Rh8 Ne3+ 79. Kg3 Rf7 80.
Re8 Kd3 81. Rd8+ Ke2 82. Ra8 Rf3+ 83. Kh4 Rf5 84. Kg3 Rg5+ 85. Kf4 Rg4+ 86. Ke5 Kf3 87. Ra7 Rg5+ 88. Kf6 Rb5 89. Ra3 Kf4 90. Ke6 Rb4 91. Ra8 Ke4 92. Kd6 Nd5 93. Re8+ Kd4 94. Rh8 Rb6+ 95.
Kd7 Kc5 96. Rc8+ Kd4 97. Rh8 Rg6 98. Rh1 Nf6+ 99. Ke7 Ne4 100. Kf7 Ra6 101. Rd1+ Ke5 102. Re1 Ra7+ 103. Kg6 Ra8 104. Kf7 Ra4 105. Kg6 Ke6 106. Kh5 Kf5 107. Rf1+ Ke5 108. Re1 Ra7 109. Kg6 Ra8 110. Kf7 Rb8 111. Ke7 Rb7+ 112. Kd8 Kd5 113. Kc8 Rg7 114. Rd1+ Kc6 115. Rc1+ Kd6 116. Rd1+ Ke5 117. Re1 Kd4 118. Kd8 Nc5 119. Rd1+ Ke5 120. Ke8 Ne6 121. Re1+ Kd6 122. Rd1+ Kc6 123. Rc1+ Nc5 124. Kf8 Ra7 125. Rh1 Kd6 126. Rd1+ Ke5 127. Re1+ Ne4 1/2-1/2

[Event "Late-Titled-Tuesday-Blitz-March-05-2024"]
[Site "Chess.com"]
[Date "2024.03.05"]
[Round "3"]
[White "Ducke13"]
[Black "jinxy2009"]
[Result "1/2-1/2"]
[WhiteElo "2398"]
[BlackElo "2184"]
[TimeControl "180+1"]
[EndTime "14:31:45 PST"]
[Termination "Game drawn by repetition"]

1. d4 Nf6 2. g3 d5 3. Nf3 e6 4. Bg2 h6 5. O-O Bd6 6. c4 O-O 7. Nc3 Nc6 8. b3 Re8 9. Bb2 dxc4 10. bxc4 e5 11. c5 exd4 12. Na4 Bf8 13. Nxd4 Nxd4 14.
Bxd4 c6 15. e3 Be6 16. Qc2 Bd5 17. Rab1 Bxg2 18. Kxg2 Qd5+ 19. Kg1 Ne4 20. Nc3 Qc4 21. Rfc1 Nxc5 22. Qf5 Ne6 23. Ne4 Qxa2 24. Rxb7 Nxd4 25.
exd4 Qe6 26. Qxe6 Rxe6 27. Nc5 Bxc5 28. Rxc5 Rd8 29. Rc4 Red6 30. Rxa7 Rxd4 31. Rxc6 Rd1+ 32. Kg2 R1d2 33. Rc3 Rb2 34. Rf3 f6 35. h4 Rdd2 36.
Re7 h5 37. Ra7 Rb6 38. Rf4 Kh7 39. Kh3 Kg6 40. Rf3 Rbb2 41. Kg2 Kh6 42. Ra6 Rdc2 43.
Ra5 Rd2 44. Rff5 Kg6 45. Rf4 Kh6 46. Ra6 Kg6 47. Rf3 Kh6 48. Rf5 Kg6 49. Rf4 Kh6 50. Kg1 Kg6 51. Ra1 Kh6 52. Rc1 Kg6 53. Re1 Re2 54.
Rxe2 Rxe2 55. Kg2 Re5 56. Kf3 Kh6 57. Ra4 Rb5 58. Kg2 g5 59. hxg5+ fxg5 60. Ra6+ Kg7 61.
Kf3 Rf5+ 62. Ke3 Rf6 63. Ra7+ Kg6 64. Ra8 Re6+ 65. Kf3 Rf6+ 66. Kg2 Kf5 67. Rg8 h4 68. Kf3 g4+ 69. Kg2 h3+ 70. Kg1 Rc6 71. Rf8+ Kg5 72.
Rg8+ Kf5 73. Rf8+ Ke6 74. Rf4 Rc1+ 75. Kh2 Rf1 76. Rxg4 Rxf2+ 77. Kxh3 Kf6 78. Ra4 Rb2 79. Kh4 Kg7 80. Ra6 Rb5 81. g4 Rc5 82. Rb6 Ra5 83.
Rc6 Rd5 84. Rb6 Ra5 85. Re6 Rc5 86. Re4 Ra5 87. Rf4 Rc5 88. Kg3 Ra5 89. Kf3 Ra3+ 90. Ke4 Ra5 91. Rf1 Ra4+ 92. Kf5 Ra5+ 93. Kf4 Ra4+ 94. Kg5 Ra5+ 95. Kh4 Ra4 96. Kh5 Ra5+ 97.
g5 Ra6 98. Rd1 Ra8 99. Rd7+ Kg8 100. Rd6 Kg7 101. Rd7+ Kg8 102. Kh6 Ra6+ 103. g6 Ra8 104. Rf7 Kh8 105. Rh7+ Kg8 106. Rg7+ Kh8 107. Rd7 Kg8 108. Re7 Rb8 109. Rg7+ Kh8 110. Rf7 Kg8 111. Rf5 Ra8 112. Kg5 Rb8 113. Re5 Rc8 114. Re6 Rd8 115. Kf6 Rf8+ 116. Kg5 Ra8 117. Rd6 Ra5+ 118. Kf6 Ra8 119. Rc6 Rf8+ 120. Kg5 Ra8 121. Kh6 Rb8 122. Rd6 Ra8 123. Rd7 Rb8 124. Rh7 Ra8 125. Rg7+ Kh8 126. Rd7 Kg8 1/2-1/2

[Event "Late-Titled-Tuesday-Blitz-March-05-2024"]
[Site "Chess.com"]
[Date "2024.03.05"]
[Round "4"]
[White "secretworker2027"]
[Black "Road2GM3000"]
[Result "1-0"]
[WhiteElo "2663"]
[BlackElo "2500"]
[TimeControl "180+1"]
[EndTime "14:33:44 PST"]
[Termination "secretworker2027 won by resignation"]

1. e4 c5 2. Nc3 d6 3. Nf3 Nf6 4. d4 cxd4 5. Nxd4 a6 6. Nb3 Nc6 7. Nd5 Nxe4 8. Be3 g6 9. Bb6 Qd7 10. Nc7+ Kd8 11. Nxa8+ Ke8 12. Nc7+ Kd8 13. Nxa6+ Ke8 14.
Nc7+ Kd8 15. Ne6+ Ke8 16. Nxf8 Kxf8 17. Bd3 1-0

[Event "Late-Titled-Tuesday-Blitz-March-05-2024"]
[Site "Chess.com"]
[Date "2024.03.05"]
[Round "4"]
[White "SamCopeland"]
[Black "Firouzja2003"]
[Result "0-1"]
[WhiteElo "2338"]
[BlackElo "3207"]
[TimeControl "180+1"]
[EndTime "14:34:33 PST"]
[Termination "Firouzja2003 won by resignation"]

1. e4 c5 2. Nf3 Nc6 3. d4 cxd4 4. Nxd4 Nf6 5. Nc3 d6 6. f3 e5 7. Nb3 Be6 8. Be3 Be7 9. Qd2 a5 10. a4 O-O 11. Be2 Nb4 12. Rd1 d5 13. exd5 Nfxd5 14.
Nxd5 Nxd5 15. O-O Nxe3 16. Qxe3 Qc7 17. Kh1 Qxc2 0-1

[Event "Late-Titled-Tuesday-Blitz-March-05-2024"]
[Site "Chess.com"]
[Date "2024.03.05"]
[Round "4"]
[White "Mikasinski"]
[Black "AlexeiShirov"]
[Result "1/2-1/2"]
[WhiteElo "2682"]
[BlackElo "2867"]
[TimeControl "180+1"]
[EndTime "14:34:50 PST"]
[Termination "Game drawn by repetition"]

1. e4 e5 2. Nf3 Nc6 3. Nc3 g6 4.
d4 exd4 5. Nxd4 Bg7 6. Be3 Nf6 7.
Nxc6 bxc6 8. Be2 d6 9. O-O O-O 10. Qd2 Re8 11. f3 Rb8 12. Rab1 Be6 13. Bxa7 Ra8 14.
Bd4 c5 15. Be3 Bxa2 16. Nxa2 Rxa2 17. Bb5 Re7 18. Bc4 Ra8 19. Rfd1 Qe8 20. Bg5 Re5 21. Bf4 Re7 22. Bg5 Re5 23. Bf4 Re7 24. Bg5 1/2-1/2

[Event "Late-Titled-Tuesday-Blitz-March-05-2024"]
[Site "Chess.com"]
[Date "2024.03.05"]
[Round "4"]
[White "jinxy2009"]
[Black "hell3raiser"]
[Result "0-1"]
[WhiteElo "2180"]
[BlackElo "2401"]
[TimeControl "180+1"]
[EndTime "14:35:03 PST"]
[Termination "hell3raiser won by resignation"]

1. e4 e5 2. Nf3 Nc6 3. Bc4 Bc5 4. d3 d6 5. c3 Nf6 6. O-O Be6 7. Bxe6 fxe6 8. Nbd2 Bb6 9. b4 O-O 10. a4 a5 11. b5 Ne7 12. Qb3 Qd7 13. Nc4 Ng6 14. Nxb6 cxb6 15. Ra2 d5 16. Re2 Kh8 17. exd5 exd5 18.
Nxe5 Nxe5 19. Rxe5 Rfe8 20. d4 Rxe5 21. dxe5 Ne4 22.
Be3 Rc8 23. Bd4 Nd2 24. Qc2 Nxf1 25. Kxf1 Qg4 26. h3 Qxd4 0-1

[Event "Late-Titled-Tuesday-Blitz-March-05-2024"]
[Site "Chess.com"]
[Date "2024.03.05"]
[Round "4"]
[White "masterofpuppets2"]
[Black "cristiano78"]
[Result "1-0"]
[WhiteElo "2481"]
[BlackElo "2291"]
[TimeControl "180+1"]
[EndTime "14:35:10 PST"]
[Termination "masterofpuppets2 won by checkmate"]

1. d4 Nf6 2. c4 g6 3. h4 d6 4. Nc3 Bg7 5. e4 Nc6 6. d5 Ne5 7. Be2 h5 8. Nf3 Nxf3+ 9. gxf3 e6 10. Bg5 Qe7 11. Qd2 a6 12. O-O-O Bd7 13. Kb1 O-O-O 14. Rhe1 Rde8 15. f4 Qf8 16. e5 Nh7 17. Bf3 dxe5 18. fxe5 exd5 19. Nxd5 Rxe5 20. Nb6+ cxb6 21. Qxd7+ Kb8 22.
Qxb7# 1-0

[Event "Late-Titled-Tuesday-Blitz-March-05-2024"]
[Site "Chess.com"]
[Date "2024.03.05"]
[Round "4"]
[White "TimGrutter03"]
[Black "emeli_chess"]
[Result "1-0"]
[WhiteElo "2614"]
[BlackElo "2418"]
[TimeControl "180+1"]
[EndTime "14:35:14 PST"]
[Termination "TimGrutter03 won by resignation"]

1. g3 f5 2. Bg2 Nf6 3. Nc3 d6 4. e4 e5 5. d4 Nc6 6. Nge2 Be7 7.
O-O O-O 8. f4 exd4 9. Nxd4 Nxd4 10. Qxd4 fxe4 11. Nxe4 Nxe4 12. Bxe4 Bh3 13. Qd5+ Kh8 14.
Qh5 h6 15. Qxh3 d5 16. Bg6 Qd6 17. f5 Qe5 18. Bxh6 1-0

[Event "Late-Titled-Tuesday-Blitz-March-05-2024"]
[Site "Chess.com"]
[Date "2024.03.05"]
[Round "4"]
[White "Kgutierrez95"]
[Black "Akhayan"]
[Result "0-1"]
[WhiteElo "2199"]
[BlackElo "2392"]
[TimeControl "180+1"]
[EndTime "14:35:20 PST"]
[Termination "Akhayan won by resignation"]

1. e4 c5 2. Nf3 e6 3. d4 cxd4 4. Nxd4 Nf6 5. Nc3 d6 6. Ndb5 a6 7. Na3 b5 8. b4 d5 9. Qd4 Nc6 10. Qd3 Nxb4 11. Qf3 d4 12. Ncxb5 axb5 13. Bxb5+ Bd7 14.
Bxd7+ Qxd7 15. e5 Nfd5 16. O-O Be7 17. Bb2 O-O 18. Bxd4 Rxa3 0-1

[Event "Late-Titled-Tuesday-Blitz-March-05-2024"]
[Site "Chess.com"]
[Date "2024.03.05"]
[Round "4"]
[White "Zampronha1971"]
[Black "MFatigue"]
[Result "0-1"]
[WhiteElo "2345"]
[BlackElo "2517"]
[TimeControl "180+1"]
[EndTime "14:35:45 PST"]
[Termination "MFatigue won by resignation"]

1. e4 e6 2. d4 d5 3. Nc3 Nf6 4. e5 Nfd7 5. f4 c5 6. Nf3 Nc6 7. Be3 a6 8. Qd2 b5 9. dxc5 Bxc5 10. Bxc5 Nxc5 11. Qf2 Qb6 12. Bd3 b4 13. Ne2 a5 14.
O-O Ba6 15. Bxa6 Rxa6 16. Ned4 Ne4 17. Qe3 Nxd4 18. Qxd4 Qxd4+ 19. Nxd4 Ke7 20. Rfd1 a4 21. a3 Rb8 22. axb4 Rxb4 23. Ra2 Rab6 24. b3 Nc3 25. Rda1 Nxa2 26. Rxa2 0-1

[Event "Late-Titled-Tuesday-Blitz-March-05-2024"]
[Site "Chess.com"]
[Date "2024.03.05"]
[Round "4"]
[White "martinez_95"]
[Black "Eeleyah"]
[Result "0-1"]
[WhiteElo "2225"]
[BlackElo "2465"]
[TimeControl "180+1"]
[EndTime "14:35:46 PST"]
[Termination "Eeleyah won by resignation"]

1. d4 d5 2. c4 e6 3. Nf3 Nf6 4. Nc3 Nbd7 5. Bg5 Bb4 6. Rc1 c5 7. a3 Bxc3+ 8. bxc3 dxc4 9. e3 b5 10. e4 h6 11. Bxf6 Nxf6 12. Ne5 O-O 13. f3 Qc7 14. h4 Rd8 15. Qe2 cxd4 16. cxd4 Rxd4 0-1

[Event "Late-Titled-Tuesday-Blitz-March-05-2024"]
[Site "Chess.com"]
[Date "2024.03.05"]
[Round "4"]
[White "esrosenberg"]
[Black "miraitrunks"]
[Result "1-0"]
[WhiteElo "2451"]
[BlackElo "2177"]
[TimeControl "180+1"]
[EndTime "14:35:50 PST"]
[Termination "esrosenberg won by resignation"]

1. d4 d5 2. c4 Bf5 3. cxd5 Bxb1 4.
Rxb1 Qxd5 5. a3 Nc6 6. e3 e5 7. dxe5 Qxd1+ 8. Kxd1 O-O-O+ 9. Kc2 Nxe5 10. f3 Nf6 11.
Nh3 Bc5 12. Bd2 Rhe8 13. Re1 Rd6 14. Bc3 Rc6 15. Bb5 Ree6 16. Bxc6 Nxc6 17. Ng5 Bxe3 18.
Nxe6 1-0

[Event "Late-Titled-Tuesday-Blitz-March-05-2024"]
[Site "Chess.com"]
[Date "2024.03.05"]
[Round "4"]
[White "Actuary44"]
[Black "GoltsevDmitry2000"]
[Result "0-1"]
[WhiteElo "2532"]
[BlackElo "2703"]
[TimeControl "180+1"]
[EndTime "14:35:51 PST"]
[Termination "GoltsevDmitry2000 won by resignation"]

1. e4 e6 2. d4 d5 3. Nc3 c5 4.
exd5 exd5 5. dxc5 Nf6 6. Bb5+ Nc6 7. Nf3 Bxc5 8. O-O O-O 9. h3 a6 10. Bd3 Qd6 11. Bg5 h6 12. Bxf6 Qxf6 13. Nxd5 Qxb2 14. Qe2 Nd4 15. Qe4 Bf5 16. Qf4 Bxd3 17. Nxd4 Bxf1 18. Nf5 Qxa1 19. Kh2 Rad8 20. Qe5 Qxe5+ 0-1

[Event "Late-Titled-Tuesday-Blitz-March-05-2024"]
[Site "Chess.com"]
[Date "2024.03.05"]
[Round "4"]
[White "giovannibrandao7"]
[Black "Quattroporte300"]
[Result "0-1"]
[WhiteElo "2224"]
[BlackElo "2462"]
[TimeControl "180+1"]
[EndTime "14:35:52 PST"]
[Termination "Quattroporte300 won by resignation"]

1. d4 g6 2. c4 Bg7 3. Nc3 d6 4.
e4 Nd7 5. Nf3 e5 6. h3 Ne7 7.
Be2 O-O 8. O-O Nc6 9. dxe5 Ndxe5 10. Nxe5 Nxe5 11. Be3 Be6 12. Nd5 c6 13. f4 cxd5 14. cxd5 Bxh3 15. fxe5 Qh4 16. gxh3 Qg3+ 17. Kh1 Qxh3+ 18.
Kg1 0-1

[Event "Late-Titled-Tuesday-Blitz-March-05-2024"]
[Site "Chess.com"]
[Date "2024.03.05"]
[Round "4"]
[White "Njal28"]
[Black "js20000"]
[Result "1-0"]
[WhiteElo "3001"]
[BlackElo "2786"]
[TimeControl "180+1"]
[EndTime "14:35:54 PST"]
[Termination "Njal28 won by resignation"]

1. d4 Nf6 2. c4 c6 3. Nc3 d5 4.
Nf3 a6 5. g3 dxc4 6. Bg2 b5 7.
O-O g6 8. Ne5 Bb7 9. b3 b4 10.
Na4 c3 11. Nc5 Qb6 12. Nc4 Qc7 13. Bf4 Qc8 14. Na5 Ra7 15. Bxb8 Qxb8 16. Naxb7 Rxb7 17. Bxc6+ Rd7 18. e4 e5 19. Nxd7 Nxd7 20. dxe5 Qc7 21.
Qd5 Ke7 22. Bxd7 Qxd7 23. a3 Qxd5 24. exd5 Kd7 25. axb4 Bxb4 26. Rxa6 Rc8 27. Rc1 c2 28. Rc6 Rxc6 29. dxc6+ Kxc6 30. Rxc2+ Kd5 31. f4 g5 32. Kg2 gxf4 33. gxf4 f6 34. exf6 Ke6 35. Kf3 Kxf6 36.
Ke4 1-0

[Event "Late-Titled-Tuesday-Blitz-March-05-2024"]
[Site "Chess.com"]
[Date "2024.03.05"]
[Round "4"]
[White "RantomOpening"]
[Black "sergiochess83"]
[Result "0-1"]
[WhiteElo "2578"]
[BlackElo "2857"]
[TimeControl "180+1"]
[EndTime "14:36:09 PST"]
[Termination "sergiochess83 won by resignation"]

1. c4 e5 2. Nc3 Nf6 3. Nf3 Nc6 4. e3 Bb4 5. Qc2 Bxc3 6. Qxc3 Qe7 7. b3 d5 8. d4 e4 9. Ne5 O-O 10. Nxc6 bxc6 11. a4 Re8 12. Ba3 Qe6 13. h3 Bd7 14. Be2 Qf5 15. O-O Qg5 16. Kh1 Re6 17. cxd5 Nxd5 18. Qc5 Rg6 19. Rg1 Qh4 20. Kh2 Qxf2 21. Bh5 Qg3+ 22. Kh1 Rh6 0-1

[Event "Late-Titled-Tuesday-Blitz-March-05-2024"]
[Site "Chess.com"]
[Date "2024.03.05"]
[Round "4"]
[White "Binary010"]
[Black "ritanovikova"]
[Result "1-0"]
[WhiteElo "2819"]
[BlackElo "2217"]
[TimeControl "180+1"]
[EndTime "14:36:09 PST"]
[Termination "Binary010 won by resignation"]

1. d4 g6 2. e4 Bg7 3. Nc3 d6 4.
f4 e6 5. Nf3 Ne7 6. Bd3 Nd7 7.
O-O c6 8. f5 exf5 9. exf5 Nf6 10. fxg6 hxg6 11. Bg5 Bf5 12. Nh4 Bxd3 13. Qxd3 Rxh4 14.
Bxh4 Nf5 15. Rae1+ Kd7 16. Rxf5 gxf5 17. Qxf5+ Kc7 18.
Rf1 Qe8 19. Bxf6 Qe3+ 20. Qf2 Bh6 21. Qxe3 Bxe3+ 22. Kh1 Re8 23. Re1 Re6 24. g3 d5 25.
Be5+ Rxe5 26. dxe5 d4 27. Nd1 1-0